 Dungeon Crawl Stone Soup version 0.31.0-11-ge490571c62 (webtiles) character file.

Game seed: 6562138482820913332

1197 qw the Skirmisher (level 8, 0/46 HPs)
             Began as a Deep Elf Hunter on Feb 3, 2024.
             Was a Follower of Okawaru.
             Killed by divine providence
             ... invoked by an orc priest
              (13 damage)
             ... on level 5 of the Dungeon.
             The game lasted 00:00:19 (4109 turns).

qw the Skirmisher (Deep Elf Hunter)                 Turns: 4109, Time: 00:00:20

Health: 0/46       AC:  7    Str: 10    XL:     8   Next: 20%
Magic:  11/11      EV: 16    Int: 15    God:    Okawaru [*.....]
Gold:   195        SH:  0    Dex: 18    Spells: 7/7 levels left

rFire   . . .        a - +0 shortbow (heavy)
rCold   . . .        (shield currently unavailable)
rNeg    . . .        e - +0 ring mail
rPois   .            f - +1 helmet
rElec   .            (no cloak)
rCorr   .            (no gloves)
SInv    .            (no boots)
Will    .....        (no amulet)
Stlth   +            b - +5 ring of evasion
HPRegen 0.27/turn    (no ring)
MPRegen 0.12/turn

%: no passive effects
@: no status effects
A: no striking features
a: Renounce Religion, Heroism


You were on level 5 of the Dungeon.
You worshipped Okawaru.
Okawaru was aware of your devotion.
You visited 2 branches of the dungeon, and saw 7 of its levels.

You collected 235 gold pieces.
You spent 40 gold pieces at shops.


   Skills:
 - Level 3.1 Fighting
 - Level 12.1 Ranged Weapons
 - Level 1.3 Armour
 + Level 3.4 Dodging
 - Level 1.2 Stealth
 + Level 2.4 Invocations


You had 7 spell levels left.
You didn't know any spells.
Your spell library was empty.

Inventory:

Hand Weapons
 a - a +0 heavy shortbow (weapon)
Armour
 e - a +0 ring mail (worn)
 f - a +1 helmet (worn)
Jewellery
 b - a +5 ring of evasion (left hand)
 o - a ring of fire
Wands
 g - a wand of flame (13)
 m - a wand of paralysis (11)
Scrolls
 i - 2 scrolls of teleportation
Potions
 d - 2 potions of enlightenment
 h - 3 potions of might

Dungeon Overview and Level Annotations

Branches:
Dungeon (6/15)             Temple (1/1) D:4

Altars:
Ashenzari
Cheibriados
Dithmenos
Elyvilon
Gozag
Hepliaklqana
Kikubaaqudgha
Nemelex Xobeh
Okawaru
Qazlal
Ru
Trog
Uskayaw
Vehumet
Wu Jian
Xom
Yredelemnul
Zin

Shops:
D:1 ?


Message History

You are no longer poisoned.
HP restored.
You climb downwards.
The orc wizard points at you and mumbles some strange words.
The puff of flame hits you!
The orc priest mumbles some strange prayers to Beogh against you.
You struggle to resist.
There is a stone staircase leading up here.
You shoot an arrow.
The arrow closely misses the orc priest.
A bullfrog comes into view.
The orc wizard casts a spell at you. The magic dart hits you.
4102 ||| STAIRDANCE The orc priest hits you with a +0 dagger.
You climb upwards.
There is a stone staircase leading down here.
You shoot an arrow. The arrow hits the orc priest.
The orc priest is lightly wounded.
The orc priest completely misses you.
You shoot an arrow. The arrow barely misses the orc priest.
The orc priest closely misses you.
You shoot an arrow. The arrow hits the orc priest.
The orc priest is moderately wounded.
The orc priest mumbles some strange prayers to Beogh against you.
Beogh smites you!
The orc priest hits you but does no damage.
You shoot an arrow.
The arrow closely misses the orc priest.
The orc priest mumbles some strange prayers to Beogh against you.
You struggle to resist.
You shoot an arrow.
The arrow hits the orc priest but does no damage.
The orc priest is moderately wounded.
The orc priest hits you with a +0 dagger.
You shoot an arrow. The arrow barely misses the orc priest.
The orc priest closely misses you.
The orc priest mumbles some strange prayers to Beogh against you.
Beogh smites you!
You die...

# #....#).'...# # #....#..#...#
#######....#.###'##
........####.###.######## ##
........#...............# #.
........#...............# #.
........########'################
####...........................##
#..#............@................
#..#...........[o).........#.....
#..#.......................#.....
#..#......................%#.....
#..#.......................#.....
#..#......................)#'####
#..########.......########.......
#....#....#.......# #.......
#....#....#.......# #.......


You could see an orc priest.

Vanquished Creatures
  Menkaure (D:4)
  A water moccasin (D:5)
  A black bear (D:5)
  2 ogres
  A phantom (D:5)
  3 scorpions
  A howler monkey (D:4)
  A jelly (D:5)
  An orc priest (D:4)
  Ijyb (D:4)
  A sleepcap (D:4)
  An iguana (D:5)
  3 orc wizards
  4 gnolls (D:5)
  7 adders
  A dart slug (D:1)
  17 orcs
  9 endoplasms
  2 giant cockroaches
  5 goblins
  3 hobgoblins
  2 jackals (D:2)
  6 quokkas
  9 ball pythons
  8 bats
  6 frilled lizards
  8 kobolds
  4 rats
109 creatures vanquished.

Notes
Turn   | Place    | Note
-------+----------+-------------------------------------------
     0 | D:1      | qw the Deep Elf Hunter began the quest for the Orb.
     0 | D:1      | Reached XP level 1. HP: 12/12 MP: 3/3
     0 | D:1      | 0 ||| qw: Version: 0.3-a-157-g843a77d
     0 | D:1      | 0 ||| qw: Game counter: 3847
     0 | D:1      | 0 ||| qw: Melee chars always use a shield: true
     0 | D:1      | 0 ||| qw: God list: Okawaru
     0 | D:1      | 0 ||| qw: Allow faded altars: false
     0 | D:1      | 0 ||| qw: Do Orc after clearing Dungeon:15 true
     0 | D:1      | 0 ||| qw: Do second Lair branch before Depths: true
     0 | D:1      | 0 ||| qw: Lair rune preference: random
     0 | D:1      | 0 ||| qw: Goals: Normal
     0 | D:1      | 0 ||| PLANNING D:1-11
   239 | D:1      | Reached skill level 6 in Ranged Weapons
   239 | D:1      | Reached XP level 2. HP: 16/16 MP: 4/4
   476 | D:1      | Found Qaojoaq's Magic Scroll Shop.
   483 | D:1      | 483 ||| SHOPLISTING scroll of enchant armour (75 gold, have
                  | 52).
   483 | D:1      | 483 ||| BUYING scroll of identify (20 gold).
   483 | D:1      | Bought a scroll of identify for 20 gold pieces
   483 | D:1      | 483 ||| BUYING scroll of identify (20 gold).
   483 | D:1      | Bought a scroll of identify for 20 gold pieces
   483 | D:1      | 483 ||| SHOPLISTING scroll of teleportation (30 gold, have
                  | 12).
   826 | D:1      | 826 ||| UPGRADING to +0 ring mail.
   836 | D:1      | 836 ||| DROPPING +0 leather armour.
   837 | D:1      | 837 ||| UPGRADING to +0 helmet.
   842 | D:1      | 842 ||| READING 3 scrolls of identify.
   842 | D:1      | 842 ||| IDENTIFYING 3 smoky red potions
   843 | D:1      | 843 ||| READING 2 scrolls of identify.
   843 | D:1      | 843 ||| IDENTIFYING scroll labelled FEGHOPNYAGU
   844 | D:1      | 844 ||| READING scroll of identify.
   844 | D:1      | 844 ||| IDENTIFYING scroll labelled CEXIOJ KUHE
   845 | D:1      | 845 ||| READING 2 scrolls labelled NEGEAJA LOWURPH.
   846 | D:1      | 846 ||| DROPPING scroll of butterflies.
   847 | D:1      | 847 ||| DROPPING scroll of amnesia.
   848 | D:1      | 848 ||| DROPPING scroll of summoning.
   889 | D:2      | Reached XP level 3. HP: 20/20 MP: 5/5
   993 | D:2      | Reached skill level 7 in Ranged Weapons
  1114 | D:2      | Reached XP level 4. HP: 19/25 MP: 6/6
  1168 | D:2      | Found a faded altar of an unknown god.
  1370 | D:2      | 1370 ||| READING 2 scrolls labelled ANAHYF TEONIOLA.
  1371 | D:2      | 1371 ||| READING scroll labelled FUTU ACWOUMEMOEZI.
  1372 | D:2      | 1372 ||| DROPPING scroll of fog.
  1750 | D:3      | Found an ornate altar of the Wu Jian Council.
  1894 | D:3      | 1894 ||| DRINKING 2 red potions.
  1895 | D:3      | 1895 ||| DRINKING 2 bubbling inky potions.
  1902 | D:3      | Reached skill level 8 in Ranged Weapons
  2091 | D:3      | 2091 ||| READING scroll labelled KUHODUHIAM.
  2091 | D:3      | 2091 ||| BRANDING +0 shortbow.
  2092 | D:3      | 2092 ||| DROPPING potion of attraction.
  2204 | D:4      | Noticed a scorpion
  2209 | D:4      | Killed a scorpion
  2210 | D:4      | Reached XP level 5. HP: 23/29 MP: 7/7
  2248 | D:4      | Reached skill level 9 in Ranged Weapons
  2258 | D:4      | Noticed an ogre
  2263 | D:4      | Killed an ogre
  2264 | D:4      | Reached XP level 6. HP: 36/36 MP: 8/8
  2461 | D:4      | Found a staircase to the Ecumenical Temple.
  2462 | D:4      | 2462 ||| PLANNING TEMPLE
  2462 | D:4      | 2462 ||| UPGRADING to +5 ring of evasion.
  2466 | D:4      | Noticed Menkaure
  2470 | D:4      | Killed Menkaure
  2471 | D:4      | Reached skill level 10 in Ranged Weapons
  2475 | Temple   | Entered the Ecumenical Temple
  2476 | Temple   | 2476 ||| PLANNING D:1-11
  2662 | D:4      | Noticed Ijyb
  2676 | D:4      | Killed Ijyb
  2677 | D:4      | Reached XP level 7. HP: 19/40 MP: 9/9
  2815 | D:4      | Reached skill level 3 in Dodging
  2834 | D:4      | 2834 ||| DRINKING viscous white potion.
  3012 | D:4      | Found an iron altar of Okawaru.
  3013 | D:4      | 3013 ||| PLANNING OKAWARU WORSHIP
  3013 | D:4      | 3013 ||| READING scroll of identify.
  3013 | D:4      | 3013 ||| IDENTIFYING grey potion
  3014 | D:4      | 3014 ||| DROPPING potion of magic.
  3044 | D:4      | Became a worshipper of Warmaster Okawaru
  3045 | D:4      | 3045 ||| PLANNING D:1-11
  3156 | D:5      | Entered Level 5 of the Dungeon
  3184 | D:5      | Reached skill level 1 in Armour
  3454 | D:5      | Reached skill level 11 in Ranged Weapons
  3548 | D:5      | Reached * piety under Okawaru
  3610 | D:5      | Reached skill level 12 in Ranged Weapons
  3610 | D:5      | Reached skill level 1 in Invocations
  3610 | D:5      | Reached XP level 8. HP: 45/45 MP: 10/10
  3660 | D:5      | Reached skill level 3 in Fighting
  3954 | D:5      | 3954 ||| DROPPING scarf of shadows.
  3955 | D:5      | 3955 ||| READING 3 scrolls of identify.
  3955 | D:5      | 3955 ||| IDENTIFYING inky potion
  3956 | D:5      | 3956 ||| READING 2 scrolls of identify.
  3956 | D:5      | 3956 ||| IDENTIFYING scroll labelled DEABAS IKEADD
  3957 | D:5      | 3957 ||| READING scroll of identify.
  3957 | D:5      | 3957 ||| IDENTIFYING scroll labelled XIPHUXZ UGUIC
  3958 | D:5      | 3958 ||| READING scroll labelled GAW NULINORR.
  3958 | D:5      | 3958 ||| ENCHANTING +0 helmet.
  3959 | D:5      | 3959 ||| DROPPING potion of degeneration.
  3960 | D:5      | 3960 ||| DROPPING scroll of fear.
  3961 | D:5      | 3961 ||| DROPPING scroll of noise.
  4006 | D:6      | 4006 ||| STAIRDANCE
  4010 | D:6      | 4010 ||| STAIRDANCE
  4102 | D:6      | 4102 ||| STAIRDANCE
  4109 | D:5      | Killed from afar by an orc priest

Levels and vault maps discovered:
D:1:      ebering_trefoil_3fold, layout_basic, serial_shops, shop
D:2:      layout_basic, hellmonk_ecumenical_altar_heavens_door
D:3:      layout_basic, mainiacjoe_overflow_alcove_4
D:4:      layout_basic, lemuel_tele_altar, minmay_temple_entry_glass,
          uniq_menkaure, uniq_ijyb
D:5:      layout_gridville, nicolae_elevator_lobby_asterisk
D:6:      layout_loops_ring, kennysheep_generic_room_10
Temple:   eino_temple_scatter_basement

Skill      XL: |  1  2  3  4  5  6  7  8 |
---------------+-------------------------+-----
Ranged Weapons | 6 7 8 9 10 12 | 12.1
Fighting       | 2 3 |  3.1
Dodging        | 3 |  3.4
Armour         | 1 |  1.3
Invocations    | 1 2 |  2.4
Stealth        | |  1.2

Action                     |  1- 3 |  4- 6 |  7- 9 || total
---------------------------+-------+-------+-------++-------
   Fire: Shortbow          |   126 |   129 |    89 ||   344
    Use: Scroll            |     4 |     3 |     5 ||    12
         Potion            |       |     2 |     1 ||     3
 Armour: Leather armour    |     7 |       |       ||     7
         Ring mail         |    14 |    47 |    17 ||    78
  Dodge: Dodged            |    25 |    40 |    21 ||    86

Table legend:
 A = Non-vault XP
 B = Vault XP
 C = Vault XP percentage of total XP
 D = Non-vault monster count
 E = Vault monster count
 F = Vault count percentage of total count
                 A         B        C        D         E       F
            +---------+---------+-------+---------+---------+-------
      Total |    1501 |     210 |  12.3 |     107 |       2 |   1.8
            +---------+---------+-------+---------+---------+-------
        D:1 |      38 |       0 |   0.0 |      24 |       0 |   0.0
        D:2 |      75 |       0 |   0.0 |      24 |       0 |   0.0
        D:3 |      77 |       0 |   0.0 |      16 |       0 |   0.0
        D:4 |     441 |     210 |  32.3 |      21 |       2 |   8.7
        D:5 |     870 |       0 |   0.0 |      22 |       0 |   0.0
            +---------+---------+-------+---------+---------+-------
